 Dungeon Crawl Stone Soup version 0.30-a0-719-gcc4359e (webtiles) character file.

Game seed: 2158526865518803839

8722 Illumine the Grappler (level 11, -9/107 HPs)
             Began as a Troll Cinder Acolyte on Jan 26, 2023.
             Was a Priest of Ignis.
             Mangled by a white ugly thing (20 damage)
             ... on level 10 of the Dungeon.
             The game lasted 00:17:23 (8955 turns).

Illumine the Grappler (Troll Cinder Acolyte)        Turns: 8955, Time: 00:17:23

Health: -9/107     AC: 13    Str: 28    XL:     11   Next: 13%
Magic:  12/12      EV: 10    Int: 10    God:    Ignis [***...]
Gold:   873        SH:  0    Dex:  5    Spells: 8/13 levels left

rFire   + . .      SeeInvis .      - Unarmed
rCold   . . .      Faith    .    (no shield)
rNeg    + . .      Spirit   .    L - +2 robe {Will+}
rPois   .          Reflect  .    (helmet restricted)
rElec   .          Harm     .    (no cloak)
rCorr   .          Rampage  .    (gloves unavailable)
Will    +....                    (boots unavailable)
Stlth   +                        g - amulet of regeneration
HPRegen 1.97/turn                e - ring of positive energy
MPRegen 0.13/turn                I - ring of flight

@: fiery-armoured, flying
A: large, unfitting armour, claws 3, regeneration 1, shaggy fur 1, tough skin 1
a: Renounce Religion, Fiery Armour, Foxfire Swarm, Rising Flame


You were on level 10 of the Dungeon.
You worshipped Ignis.
Ignis was most pleased with you.
You visited 1 branch of the dungeon, and saw 11 of its levels.
You also visited: Bailey.

You collected 1121 gold pieces.
You spent 248 gold pieces at shops.

Inventory:

Hand Weapons
 a - a -1 falchion of flaming
 H - the +5 Force Lance {heavy, knockback}
   (You found it on level 8 of the Dungeon)
Missiles
 t - 4 silver boomerangs
 w - 29 poisoned darts
 F - 21 boomerangs
Armour
 L - a +2 robe of willpower (worn)
Jewellery
 e - a ring of positive energy (left claw)
 g - an amulet of regeneration (around neck)
 i - a ring of ice
 o - a ring of magical power
 I - a ring of flight (right claw)
Wands
 u - a wand of light (33) (quivered)
 B - a wand of iceblast (4)
 E - a wand of mindburst (11)
Scrolls
 h - a scroll of poison {unknown}
 k - 4 scrolls of enchant armour
 l - a scroll of noise {unknown}
 m - 3 scrolls of magic mapping
 q - a scroll of vulnerability {unknown}
 r - 2 scrolls of blinking
 s - 3 scrolls of fear
 v - 2 scrolls of torment {unknown}
 x - 3 scrolls of teleportation
 y - 2 scrolls of amnesia
 D - a scroll of immolation
 K - a scroll of silence
Potions
 b - a potion of ambrosia {unknown}
 c - 2 potions of attraction
 d - a potion of magic {unknown}
 f - 3 potions of berserk rage
 j - 5 potions of flight
 n - 3 potions of heal wounds
 p - 3 potions of cancellation
 z - 3 potions of lignification
 A - 3 potions of mutation
 C - 2 potions of curing
 G - a potion of brilliance {unknown}
 J - a potion of might
 M - a potion of resistance {unknown}


   Skills:
 + Level 6.6 Fighting
 - Level 2.4 Long Blades
 + Level 5.0 Throwing
 + Level 5.8 Dodging
 + Level 11.4 Unarmed Combat
 + Level 1.7 Spellcasting
 - Level 1.1 Translocations
 * Level 2.7 Transmutations
 - Level 2.1 Fire Magic
 - Level 2.0 Evocations


You had 8 spell levels left.
You knew the following spells:

 Your Spells              Type           Power      Damage    Failure   Level
a - Apportation           Tloc           6%         N/A       21%         1
b - Wereblood             Tmut           6%         N/A       16%         2
c - Blink                 Tloc           6%         N/A       30%         2

Your spell library contained the following spells:

 Spells                   Type           Power      Damage    Failure   Level
 Beastly Appendage        Tmut           12%        N/A       11%         1
 Scorch                   Fire           10%        2d5       21%         2
 Lesser Beckoning         Tloc           6%         N/A       30%         2
 Necrotise                Necr           0%         1d4       32%         1
 Summon Small Mammal      Summ           0%         N/A       32%         1
 Momentum Strike          Conj/Tloc      4%         3d8       36%         2
 Spider Form              Tmut/Pois      3%         N/A       50%         3
 Vhi's Electric Charge    Tloc/Air       4%         N/A       58%         3
 Hailstorm                Conj/Ice       0%         3d3       67%         3
 Ice Form                 Ice/Tmut       3%         N/A       88%         4
 Animate Dead             Necr           0%         N/A       97%         4
 Arcjolt                  Conj/Air       0%         1d10      100%        5
 Borgnjor's Vile Clutch   Necr/Erth      0%         N/A       100%        5
 Death Channel            Necr           0%         N/A       100%        6
 Simulacrum               Ice/Necr       0%         N/A       100%        6
 Maxwell's Capacitive Co  Air            0%         ∞         100%        8


Dungeon Overview and Level Annotations

Branches:
Dungeon (11/15)            Temple (0/1) D:5            Lair (0/5) D:11
    Orc (0/2) D:10         Bailey (visited)

Altars:
Elyvilon
Gozag
Hepliaklqana

Shops:
D:10 :[?

Annotations:
D:6 2 runed translucent doors


Innate Abilities, Weirdness & Mutations

You are too large for most types of armour.
You have claws for hands.
Your natural rate of healing is unusually fast.
You are covered in fur. (AC +1)
You have tough skin. (AC +1)


Message History

The centaur shouts!
There is a stone staircase leading up here.
The centaur wields a +0 shortbow.
The centaur shoots an arrow.
The arrow hits you.
You fly upwards.
There is a stone staircase leading down here.
HP restored.
There is an open door here.
There is an open door here.
There is an open door here.
There is a stone staircase leading down here.
You fly downwards.
The centaur shouts!
The white ugly thing gurgles horribly!
The centaur wields a +0 shortbow.
The centaur shoots an arrow.
The arrow hits you.
Found three items.
Found a staircase to the Lair.
There is a stone staircase leading up here.
Okay, then.
The centaur shoots an arrow.
The arrow closely misses you. The white ugly thing engulfs you.
The white ugly thing freezes you!!
The centaur shoots an arrow.
The arrow hits you.
You fly upwards.
There is a stone staircase leading down here.
Save game and exit?
Welcome back, Illumine the Troll Cinder Acolyte.
The flames of Ignis gently warm you.
Press ? for a list of commands and other information.
You fly downwards.
The centaur shoots an arrow.
The arrow hits you! The white ugly thing engulfs you.
The white ugly thing freezes you!
There is a stone staircase leading up, spattered with blood here.
The centaur shoots an arrow.
The arrow hits you. The white ugly thing engulfs you.
The white ugly thing freezes you!!
* * * LOW HITPOINT WARNING * * *
You fly upwards.
There is a stone staircase leading down here.
A protective cloak of flame settles atop you.
The white ugly thing engulfs you!
* * * LOW HITPOINT WARNING * * *
The white ugly thing freezes you!!
You die...

#.......#.# #.# #.....
#......##.## ###.# #.....
#......#8.8###...########(....
#.......................+.....
###.####8.8###.##########.....
#.# ##.## #.# ###### #.# #..#
#.# ##.# ##.###u####### #####
#..# ##..(@.......# #....
####.#### #..+.........# #....
#.......# #>##.........# #....
#.......###.##.........### #....
#...........##.........'.###....
#.......######.........#[[.'....
#.......# ########'######....
#.......# #..# ##'## ###.#####
#.## #.#


You could see a white ugly thing.

Vanquished Creatures
  A two-headed ogre (D:10)
  Pikel (D:4)
  A cyclops (D:10)
  Joseph (D:8)
  Psyche (D:8)
  A komodo dragon (D:10)
  Sigmund (D:5)
  A shadow (D:10)
  9 yaks
  Eustachio (D:4)
  2 wyverns
  A steam dragon (D:8)
  11 orc warriors
  An ogre (D:5)
  2 centaurs
  A lemure (D:4)
  A kobold brigand (D:8)
  4 bullfrogs
  2 scorpions
  16 wights
  6 killer bees (D:9)
  5 howler monkeys
  4 bullfrog zombies (D:7)
  A gnoll bouda (D:10)
  5 orc priests
  A hound (D:7)
  4 iguanas
  14 orc wizards
  3 killer bee zombies (D:7)
  A howler monkey zombie (D:7)
  A mummy (D:6)
  Robin (D:3)
  11 adders
  6 gnolls
  2 shadow imps
  2 ufetubi (D:5)
  3 dart slugs
  47 orcs
  10 ball pythons
  6 endoplasms
  3 giant cockroaches
  17 goblins
  16 hobgoblins
  A jackal (D:2)
  2 quokkas
  6 bats (D:1)
  2 frilled lizards (D:1)
  A hobgoblin zombie (D:6)
  23 kobolds
  3 kobold zombies (D:6)
  2 rats (D:1)
268 creatures vanquished.

Vanquished Creatures (others)
  A wyvern (D:8)
  2 howler monkeys (D:10)
  An orc wizard (D:10)
  An endoplasm (D:4)
  11 foxfires (D:8)
  A withered plant (D:7)
17 creatures vanquished.

Grand Total: 285 creatures vanquished

Notes
Turn   | Place    | Note
-------+----------+-------------------------------------------
     0 | D:1      | Illumine the Troll Cinder Acolyte began the quest for the
                  | Orb.
     0 | D:1      | Reached XP level 1. HP: 22/22 MP: 1/1
   231 | D:1      | Reached skill level 1 in Unarmed Combat
   237 | D:1      | Reached XP level 2. HP: 29/29 MP: 2/2
   397 | D:1      | Reached skill level 2 in Unarmed Combat
   710 | D:2      | Reached XP level 3. HP: 32/36 MP: 3/3
   807 | D:2      | Reached skill level 3 in Unarmed Combat
   906 | D:2      | Found a faded altar of an unknown god.
  1175 | D:2      | Reached XP level 4. HP: 38/44 MP: 4/4
  1298 | D:2      | Reached skill level 4 in Unarmed Combat
  1692 | D:3      | Noticed Robin
  1727 | D:3      | Killed Robin
  1728 | D:3      | Reached XP level 5. HP: 50/50 MP: 5/5
  2472 | D:4      | Reached skill level 5 in Unarmed Combat
  2508 | D:4      | Noticed Eustachio
  2535 | D:4      | Killed Eustachio
  2536 | D:4      | Reached skill level 1 in Dodging
  2536 | D:4      | Reached XP level 6. HP: 55/61 MP: 6/6
  2699 | D:4      | Noticed Pikel
  2725 | D:4      | Killed Pikel
  2726 | D:4      | Reached skill level 7 in Unarmed Combat
  2726 | D:4      | Reached XP level 7. HP: 53/68 MP: 7/7
  3014 | D:4      | Found a white marble altar of Elyvilon.
  3180 | D:5      | Entered Level 5 of the Dungeon
  3180 | D:5      | Found a staircase to the Ecumenical Temple.
  3612 | D:5      | Reached XP level 8. HP: 29/78 MP: 8/8
  3687 | D:5      | Noticed Sigmund
  3701 | D:5      | Killed Sigmund
  3702 | D:5      | Reached skill level 1 in Evocations
  3727 | D:5      | You fall into a shaft and drop 2 floors!
  3889 | D:7      | Reached skill level 8 in Unarmed Combat
  4647 | D:6      | Found a hazy altar of Hepliaklqana.
  4730 | D:6      | Found a large runed translucent door.
  4730 | D:6      | Found a large runed translucent door.
  4912 | D:6      | Reached skill level 1 in Throwing
  5374 | D:7      | Reached XP level 9. HP: 78/87 MP: 9/9
  5422 | D:7      | Reached skill level 5 in Fighting
  5431 | D:7      | Reached skill level 9 in Unarmed Combat
  5818 | D:8      | Noticed Joseph
  5834 | D:8      | Killed Joseph
  5932 | D:8      | Found the +5 Force Lance {heavy, knockback}
  5973 | D:8      | Learned a level 1 spell: Apportation
  5989 | D:8      | Noticed Psyche
  5995 | D:8      | Killed Psyche
  6013 | D:8      | Reached skill level 10 in Unarmed Combat
  6065 | D:8      | Found a flagged portal.
  6074 | Bailey   | Entered a bailey
  6315 | Bailey   | Reached XP level 10. HP: 65/98 MP: 10/10
  6368 | Bailey   | Reached skill level 5 in Dodging
  7136 | D:9      | Found an opulent altar of Gozag.
  7182 | D:9      | Reached skill level 1 in Translocations
  7246 | D:9      | Learned a level 2 spell: Wereblood
  7249 | D:9      | Learned a level 2 spell: Blink
  7594 | D:9      | Reached skill level 1 in Transmutations
  7779 | D:9      | Reached skill level 11 in Unarmed Combat
  7985 | D:10     | Entered Level 10 of the Dungeon
  8067 | D:10     | Found a staircase to the Orcish Mines.
  8149 | D:10     | Found Adghecuent's Magic Scroll Shop.
  8175 | D:10     | Bought a scroll of identify for 32 gold pieces
  8175 | D:10     | Bought a scroll of identify for 32 gold pieces
  8175 | D:10     | Bought a scroll of magic mapping for 120 gold pieces
  8175 | D:10     | Bought a scroll of fear for 64 gold pieces
  8320 | D:10     | Noticed a cyclops
  8333 | D:10     | Noticed a two-headed ogre
  8337 | D:10     | Killed a cyclops
  8342 | D:10     | Killed a two-headed ogre
  8343 | D:10     | Reached XP level 11. HP: 42/107 MP: 9/12
  8395 | D:10     | Found Raixt's Armour Shoppe.
  8694 | D:10     | Found Otidi's Book Shop.
  8722 | D:10     | Reached skill level 5 in Throwing
  8948 | D:11     | Noticed a white ugly thing
  8948 | D:11     | Found a staircase to the Lair.
  8955 | D:10     | Mangled by a white ugly thing

Illustrated notes

Levels and vault maps discovered:
D:1:      dpeg_arrival_signposts, layout_rooms, serial_curves, eino_curves_03,
          eino_curves_03, eino_curves_03, eino_curves_04
D:2:      minmay_recursive_quarters, layout_basic, nicolae_ecumenical_oubliette,
          minmay_snake_closets
D:3:      layout_loops_ring, uniq_robin
D:4:      layout_cave_pods, elyvilon_altar_4, uniq_eustachio, uniq_pikel
D:5:      layout_cave_pools, minmay_temple_entry_butterflies, uniq_sigmund
D:6:      layout_loops_ring, worldfamousw_hep_ancestral_shrine,
          jmf_multi_god_temple2, minmay_mini_ossuary
D:7:      layout_loops_corners, serial_undead, serial_undead_a, serial_undead_d,
          serial_undead_b, serial_undead_a, serial_undead_b, serial_undead_e
D:8:      layout_basic, enter_bailey_2, corexii_hall_statues_u, uniq_joseph,
          uniq_psyche
D:9:      layout_basic, grunt_gozag_statues
D:10:     layout_roguey, hiddenorc2_lemuel, serial_shops,
          nicolae_shop_statue_plus, nicolae_take_the_stairs,
          nicolae_diamond_shop, small_statue_intersection, lemuel_flamethrower_1
D:11:     minmay_the_grid_triangle_9x9_rhombus_thin
          [minmay_the_grid_triangle_9x9_longest,
          minmay_the_grid_triangle_9x9_prize_top_heavy,
          minmay_the_grid_triangle_9x9_shrine,
          minmay_the_grid_triangle_9x9_minimal], layout_irregular_city,
          uniq_harold

Skill      XL: |  1  2  3  4  5  6  7  8  9 10 11 |
---------------+----------------------------------+-----
Unarmed Combat | 1 2 3 4 5 7 8 10 11 | 11.4
Fighting       | 3 4 5 6 |  6.6
Dodging        | 1 2 3 4 5 |  5.8
Evocations     | 2 |  2.0
Throwing       | 1 3 4 5 |  5.0
Translocations | 1 |  1.1
Transmutations | 2 |  2.7
Long Blades    | |  2.4
Spellcasting   | |  1.7
Fire Magic     | |  2.1

Action                     |  1- 3 |  4- 6 |  7- 9 | 10-12 || total
---------------------------+-------+-------+-------+-------++-------
  Melee: Falchion          |    49 |       |       |       ||    49
         Unarmed           |    76 |   142 |   244 |   301 ||   763
         Punch             |     3 |     3 |    10 |     9 ||    25
  Throw: Boomerang         |       |     6 |    30 |       ||    36
         Dart              |       |     6 |     1 |     8 ||    15
   Cast: Wereblood         |       |       |       |     9 ||     9
 Invoke: Fiery Armour      |       |     1 |     1 |     2 ||     4
         Foxfire Swarm     |       |       |     1 |       ||     1
  Evoke: Wand              |       |       |     4 |     1 ||     5
    Use: Scroll            |       |       |    11 |     5 ||    16
         Potion            |       |       |       |     1 ||     1
   Stab: Invisible         |       |       |     2 |     1 ||     3
 Armour: Robe              |    54 |    63 |    58 |    66 ||   241
  Dodge: Dodged            |    68 |    70 |   102 |   120 ||   360

Table legend: (Time is in decaauts)
 A = Elapsed time spent in this place.
 B = Non-inter-level travel time spent in this place.
 C = Inter-level travel time spent in this place.
 D = Time resting spent in this place.
 E = Time spent auto-exploring this place.
 F = Levels seen in this place.
 G = Mean time per level.
                   A        B        C        D        E       F      G
               +--------+--------+--------+--------+--------+-----+--------+
         Total |   8855 |   8381 |    474 |    516 |   5836 |  12 |  737.9 |
       Dungeon |   8459 |   7985 |    474 |    465 |   5697 |  11 |  769.0 |
        Bailey |    395 |    395 |      0 |     51 |    139 |   1 |  395.0 |
               +--------+--------+--------+--------+--------+-----+--------+

Top non-repeatable levels by time:
     D:7: 1039 daAuts
     D:8: 943 daAuts
    D:10: 940 daAuts
     D:4: 874 daAuts
     D:2: 863 daAuts
     D:6: 861 daAuts
     D:9: 835 daAuts
     D:3: 725 daAuts
     D:1: 706 daAuts
     D:5: 662 daAuts
  Bailey: 395 daAuts
    D:11: 6 daAuts
